AoeStats
← schmeno

Hill Fort

506529286Analyzed
4v4 RM · 20d ago on Sep 13, 2026· 39m 30s· 8 players
Game mode
Random Map
Map size
Large (8 player)
Population
200
Speed
Normal
Resources
Standard
Victory
Conquest
Starting age
Dark Age
Ending age
Imperial Age
RankedLock teamsTeams togetherTeam positionsShared explorationLock speedFull tech treeHidden civsTurbo modeCheats
Victory
Defeat
🇺🇸 Mongols · United States
1215
+13
🇺🇸 Teutons · United States
1212
+14
🇺🇸 Huns · United States
1159
+16
🇺🇸 Ethiopians · United States
1119
+17
🇨🇳 Portuguese · China
1360
-22
🇦🇺 Wei · Australia
1167
-16
🇺🇸 Mongols · United States
1150
-15
🇨🇳 Tupi · China
946
-7
ATB Ixidor
7:25 Loom
11:40 Feudal Age
13:47 Double-Bit Axe
16:06 Castle Age
13:52 Horse Collar
18:06 Wheelbarrow
17:54 Bow Saw
24:15 Hand Cart
25:54 Scale Mail Armor
26:05 Forging
25:46 Pikeman
26:26 Squires
28:11 Chain Mail Armor
28:31 Iron Casting
31:52 Imperial Age
31:11 Iron Casting
32:00 Fletching
32:11 Padded Archer Armor
33:41 Parthian Tactics
34:48 Bloodlines
34:38 Husbandry
34:46 Thumb Ring
36:20 Town Watch
LiamJ5500
10:53 Feudal Age
11:19 Double-Bit Axe
11:16 Horse Collar
11:29 Gold Mining
12:35 Loom
19:25 Castle Age
20:44 Wheelbarrow
21:51 Scale Barding Armor
21:57 Forging
21:50 Heavy Plow
22:03 Bow Saw
22:14 Bloodlines
23:44 Husbandry
活在故事里的骑士
10:56 Feudal Age
14:53 Double-Bit Axe
18:07 Castle Age
17:16 Horse Collar
19:29 Town Watch
22:00 Wheelbarrow
21:25 Town Patrol
21:12 Loom
22:49 Gold Mining
24:41 Padded Archer Armor
24:32 Fletching
30:04 Imperial Age
28:09 Treadmill Crane
31:20 Bow Saw
31:11 Heavy Plow
31:46 Gold Shaft Mining
31:46 Ballistics
33:09 Curare
33:27 Conscription
32:40 Elite Blackwood Archer
32:49 Pikeman
34:38 Squires
36:06 Leather Archer Armor
35:46 Bodkin Arrow
35:53 Scale Mail Armor
40:05 Ring Archer Armor
老狐狸
12:39 Feudal Age
16:25 Castle Age
21:55 Imperial Age
21:40 Double-Bit Axe
21:39 Horse Collar
29:41 Conscription
28:42 Elite Organ Gun
31:52 Siege Engineers
32:48 Chemistry
32:22 Arquebus
34:25 Loom
35:16 Wheelbarrow
34:59 Bow Saw
39:55 Coinage
Tired Cock
11:02 Feudal Age
16:46 Castle Age
14:54 Horse Collar
15:41 Double-Bit Axe
17:21 Loom
19:00 Bow Saw
21:38 Bloodlines
21:29 Husbandry
22:27 Scale Barding Armor
22:13 Fletching
24:16 Chain Barding Armor
25:08 Marauders
34:49 Forging
38:45 Iron Casting
schmeno
10:41 Feudal Age
11:09 Loom
15:21 Castle Age
13:40 Double-Bit Axe
14:33 Horse Collar
16:24 Bow Saw
20:14 Gold Mining
20:38 Town Watch
21:46 Fletching
24:05 Wheelbarrow
24:01 Ballistics
23:42 Crossbowman
24:38 Padded Archer Armor
28:55 Imperial Age
27:13 Thumb Ring
27:16 Bodkin Arrow
28:07 Leather Archer Armor
30:47 Chemistry
29:12 Arbalester
30:14 Bracer
32:34 Ring Archer Armor
34:51 Hand Cart
37:05 Torsion Engines
Deputy Dong
10:20 Feudal Age
16:38 Castle Age
14:46 Double-Bit Axe
14:57 Horse Collar
16:12 Fletching
17:47 Bow Saw
17:42 Bodkin Arrow
17:50 Loom
18:09 Padded Archer Armor
20:21 Wheelbarrow
20:55 Leather Archer Armor
25:19 Ballistics
25:32 Bloodlines
25:23 Husbandry
31:15 Imperial Age
32:16 Bracer
32:45 Parthian Tactics
32:25 Thumb Ring
33:40 Chemistry
37:31 Elite Mangudai
39:30 Hand Cart
r smothers
11:38 Feudal Age
11:43 Feudal Age
13:32 Double-Bit Axe
13:28 Horse Collar
15:18 Wheelbarrow
18:11 Castle Age
16:42 Loom
17:16 Bloodlines
17:24 Scale Barding Armor
19:18 Bow Saw
19:45 Heavy Plow
21:43 Town Watch
23:03 Gold Mining
25:04 Forging
29:54 Hand Cart
30:42 Chain Barding Armor
30:58 Iron Casting
36:35 Iron Casting
36:17 Town Patrol
42:16 Imperial Age
Connection lost

Rejoining the realm…

Still unreachable

The connection could not be restored.

Session expired

The server has moved on; the page needs a fresh start.